 Dungeon Crawl Stone Soup version 0.21.1-1-g345015fe64 (webtiles) character file.

557 DildoBatman the Skirmisher (level 7, -1/56 HPs)
             Began as a Formicid Enchanter on Apr 4, 2018.
             Slain by a killer bee (3 damage)
             ... on level 7 of the Dungeon on Apr 6, 2018.
             The game lasted 00:29:53 (6817 turns).

DildoBatman the Skirmisher (Formicid Enchanter)     Turns: 6817, Time: 00:29:54

Health: -1/56      AC: 10    Str: 15    XL:     7   Next: 56%
Magic:  10/10      EV: 12    Int: 14    God:
Gold:   116        SH:  0    Dex: 13    Spells: 6/10 levels left

rFire    + + .     SeeInvis +   b - +0 whip (drain)
rCold    x . .     Gourm    .   (no shield)
rNeg     . . .     Faith    .   m - +0 fire dragon scales
rPois    .         Spirit   .   (helmet unavailable)
rElec    .         Reflect  .   (no cloak)
rCorr    .         Harm     .   l - +0 pair of gloves
MR       .....                  (no boots)
Stlth    +.........             (no amulet)
HPRegen  0.18/turn              g - +2 ring of evasion
MPRegen  0.12/turn              w - +2 ring of dexterity

@: marked
A: permanent stasis, dig shafts and tunnels, four strong arms, antennae 3
a: Dig, Shaft Self


You were on level 7 of the Dungeon.
You were not hungry.

You visited 2 branches of the dungeon, and saw 8 of its levels.

You collected 116 gold pieces.

Inventory:

Hand Weapons
 a - a +0 flail
 b - a +0 whip of draining (weapon)
 n - a -3 dagger
 s - a +1 dagger
Missiles
 h - 29 stones (quivered)
 i - 4 silver tomahawks
 k - 2 curare-tipped needles
 o - 14 poisoned needles
 q - 22 arrows
 B - 9 sling bullets
Armour
 l - a +0 pair of gloves (worn)
 m - +0 fire dragon scales (worn)
 x - a +0 scale mail
Jewellery
 g - a +2 ring of evasion (left hand)
 j - an uncursed ring of resist corrosion
 u - an uncursed ring of protection from cold
 w - a +2 ring of dexterity (right hand)
Wands
 p - a wand of clouds (6)
 t - a wand of iceblast (2)
Scrolls
 e - a scroll of remove curse
 r - 2 scrolls of amnesia
 y - a scroll of noise
 z - a scroll of identify
Books
 c - a book of Maledictions

   Spells                             Type                      Level
   a - Corona                         Hexes                        1
   b - Ensorcelled Hibernation        Hexes/Ice                    2
   c - Confuse                        Hexes                        3
   d - Tukima's Dance                 Hexes                        3
   e - Dazzling Spray                 Conjuration/Hexes            3
 f - a book of Conjurations

   Spells                             Type                      Level
   a - Magic Dart                     Conjuration                  1
   b - Searing Ray                    Conjuration                  2
   c - Dazzling Spray                 Conjuration/Hexes            3
   d - Fulminant Prism                Conjuration/Hexes            4
   e - Force Lance                    Conjuration/Translocation    4
   f - Iskenderun's Mystic Blast      Conjuration                  4
Comestibles
 v - 5 rations


   Skills:
 * Level 5.5 Fighting
 - Level 1.0 Short Blades
 * Level 4.5 Armour
 * Level 2.6 Dodging
 * Level 4.7 Stealth
 - Level 2.1 Spellcasting
 - Level 3.6 Hexes


You had 6 spell levels left.
You knew the following spells:

 Your Spells              Type           Power        Failure   Level  Hunger
a - Corona                Hex            ##.....      24%         1    #......
b - Confuse               Hex            ##......     58%         3    ###....


Dungeon Overview and Level Annotations

Branches:
Dungeon (7/15)             Temple (1/1) D:6

Altars:
Cheibriados
Dithmenos
Elyvilon
Fedhas
Gozag
Hepliaklqana
Kikubaaqudgha
Makhleb
Nemelex Xobeh
Okawaru
Qazlal
Ru
Trog
Uskayaw
Vehumet
Wu Jian
Xom
Yredelemnul
Zin

Shops:
D:4 [

Annotations:
D:2 1 exclusion, Grinder; Terence
D:3 1 runed door, 2 exclusions, martbhell's ghost, amateur HOFi
D:4 Dowan; Duvessa
D:5 exclusion: 2 sensed monsters (detected)
D:6 Edmund


Innate Abilities, Weirdness & Mutations

You cannot be hasted, slowed, berserked, paralysed or teleported.
You can dig through walls and to a lower floor.
Your four strong arms can wield two-handed weapons with a shield.
You have a pair of large antennae on your head. (SInv)


Message History

The orc wizard hits you but does no damage.
The hippogriff misses you. x2
The hippogriff claws you but does no damage.
The killer bee zombie barely misses you.
An orc comes into view.
You barely miss the hippogriff.
The hippogriff is heavily wounded.
The killer bee zombie misses you.
The orc wizard casts a spell.
The orc wizard blinks!
The hippogriff bites you. The hippogriff pecks you.
The hippogriff barely misses you.
The killer bee zombie hits you but does no damage.
A killer bee comes into view.
You hit the hippogriff. You drain the hippogriff!
The hippogriff is severely wounded.
The killer bee stings you.
You die...

c...........#..######...
............#...........
...o....................
....o.......#.....<.....
...{.o...<.).{.#####....
.5...ol{.H....## ###
#####c{{{{.### #H###.##
##@Zy## ##y## o# o# {{.#
## {


You could see a hippogriff, a centaur, an iguana, 2 killer bees, 2 orc wizards,
4 orcs and a killer bee zombie.

Vanquished Creatures
  A bullfrog (D:5)
  A bullfrog zombie (D:5)
  A crimson imp (Temple)
  A bullfrog skeleton (D:6)
  An orc priest (D:4)
  3 orc wizards
  3 worker ants
  An iguana (D:5)
  A killer bee zombie (D:6)
  7 adders
  An adder skeleton (D:4)
  A worm (D:4)
  A dart slug (D:3)
  4 leopard geckos
  15 orcs
  3 giant cockroaches
  4 goblins
  2 hobgoblins (D:2)
  4 jackals
  9 kobolds
  2 quokkas
  A ball python (D:3)
  12 bats
  7 frilled lizards
  8 rats
94 creatures vanquished.

Vanquished Creatures (others)
  An orc priest (D:6)
  An orc wizard (D:6)
  2 orcs (D:6)
4 creatures vanquished.

Grand Total: 98 creatures vanquished

Notes
Turn   | Place    | Note
-------+----------+-------------------------------------------
     0 | D:1      | DildoBatman the Formicid Enchanter began the quest for the Orb.
     0 | D:1      | Reached XP level 1. HP: 13/13 MP: 3/3
   394 | D:1      | Reached skill level 1 in Fighting
   637 | D:1      | Reached XP level 2. HP: 21/21 MP: 3/5
   844 | D:1      | Reached skill level 2 in Fighting
  1229 | D:2      | Reached XP level 3. HP: 28/28 MP: 3/6
  1245 | D:2      | Learned a level 3 spell: Confuse
  1428 | D:2      | Reached skill level 3 in Fighting
  1770 | D:2      | Noticed a moth of wrath
  1772 | D:2      | Found a bloodstained altar of Trog.
  2061 | D:3      | Noticed Grinder
  2114 | D:3      | Noticed martbhell's ghost (amateur HOFi)
  2226 | D:2      | Reached XP level 4. HP: 22/35 MP: 3/7
  2417 | D:2      | Reached skill level 1 in Armour
  2827 | D:3      | Reached XP level 5. HP: 27/41 MP: 8/8
  3200 | D:3      | Noticed Terence
  3219 | D:4      | Found Utaner's Antique Armour Shop.
  3227 | D:4      | Noticed Dowan
  3427 | D:4      | Found an ornate altar of the Wu Jian Council.
  3622 | D:4      | Found a shadowy altar of Dithmenos.
  3661 | D:4      | Noticed Duvessa
  4000 | D:3      | Reached skill level 4 in Fighting
  4004 | D:3      | Reached XP level 6. HP: 39/49 MP: 7/9
  4086 | D:3      | Found a runed door.
  4471 | D:4      | Noticed a phantom
  4544 | D:4      | Found a sacrificial altar of Ru.
  4731 | D:5      | Entered Level 5 of the Dungeon
  4812 | D:4      | HP: 2/50 [orc priest/divine providence (13)]
  5026 | D:6      | Noticed a two-headed ogre
  5049 | D:5      | Reached skill level 5 in Fighting
  5452 | D:5      | Noticed a phantom
  5490 | D:5      | Noticed an ice beast
  5567 | D:5      | Reached XP level 7. HP: 47/56 MP: 10/10
  5588 | D:6      | Noticed Edmund
  5646 | D:6      | Found a radiant altar of Vehumet.
  5667 | D:6      | Found a hide-covered altar of Uskayaw.
  6384 | D:6      | Found a staircase to the Ecumenical Temple.
  6397 | Temple   | Entered the Ecumenical Temple
  6795 | D:7      | Noticed a hippogriff
  6816 | D:7      | HP: 2/56 [hippogriff (6)]
  6817 | D:7      | Slain by a killer bee

Skill      XL: |  1  2  3  4  5  6 |
---------------+-------------------+-----
Fighting       | 1 2 3 4 5 |  5.5
Dodging        | 2 |  2.6
Armour         | 2 3 4 |  4.5
Stealth        | 4 |  4.7
Short Blades   | |  1.0
Spellcasting   | |  2.1
Hexes          | |  3.6

Action                   |  1- 3 |  4- 6 |  7- 9 || total
-------------------------+-------+-------+-------++-------
Melee: Dagger            |   143 |   140 |    12 ||   295
       Spear             |       |    14 |       ||    14
       Whip              |       |   117 |    69 ||   186
       Flail             |       |    19 |    31 ||    50
       Unarmed           |       |     2 |       ||     2
 Cast: Corona            |    20 |    34 |    10 ||    64
       Confuse           |       |     1 |     2 ||     3
 Abil: Dig               |       |    14 |    15 ||    29
  Use: Scroll            |       |     9 |     1 ||    10
       Potion            |       |     4 |       ||     4
 Stab: Sleeping          |     1 |     1 |       ||     2
  Eat: Chunk             |     3 |    16 |     6 ||    25
       Ration            |       |       |     1 ||     1
Armor: Robe              |     9 |       |       ||     9
       Fire dragon scale |    69 |   197 |   123 ||   389
Dodge: Dodged            |    88 |   197 |   175 ||   460
